 Dungeon Crawl Stone Soup version 0.26.1-11-gd32895ea62 (webtiles) character file.

Game seed: 1923678438469021071

364 Zeld the Ducker (level 6, -4/44 HPs)
             Began as an Octopode Monk on May 18, 2021.
             Hit by a boomerang thrown by an orc (7 damage)
             ... on level 5 of the Dungeon.
             The game lasted 00:08:14 (4094 turns).

Zeld the Ducker (Octopode Monk)                     Turns: 4094, Time: 00:08:15

Health: -4/44      AC:  1    Str: 13    XL:     6   Next: 67%
Magic:  6/6        EV: 15    Int: 12    God:
Gold:   234        SH:  0    Dex: 14    Spells: 5/5 levels left

rFire    . . .     SeeInvis .   a - +2 falchion
rCold    . . .     Faith    .   (no shield)
rNeg     . . .     Spirit   .   (helmet restricted)
rPois    +         Reflect  .   d - amulet of inaccuracy (curse)
rElec    .         Harm     .   l - ring of wizardry
rCorr    .         Rampage  .   i - ring of poison resistance
Will     .....                  q - ring of flight (curse)
Stlth    +++.......             (no ring)
HPRegen  0.14/turn              (no ring)
MPRegen  0.10/turn              (no ring)
                                (no ring)
                                (no ring)

@: no status effects
A: almost no armour, stealthy swim, amphibious, 8 rings, constrict 8, camouflage
1, gelatinous body 1
a: Evoke Flight


You were on level 5 of the Dungeon.
You visited 1 branch of the dungeon, and saw 5 of its levels.

You collected 234 gold pieces.

Inventory:

Hand Weapons
 a - a +2 falchion (weapon)
 v - a +3 falchion of flaming
Missiles
 g - 2 boomerangs
 k - 22 poisoned darts (quivered)
 r - 8 curare-tipped darts
Jewellery
 d - a cursed amulet of inaccuracy (around mantle)
 i - a ring of poison resistance (right tentacle)
 l - a ring of wizardry (left tentacle)
 q - a cursed ring of flight (on tentacle)
Wands
 c - a wand of digging (4)
Scrolls
 b - a scroll of enchant armour {unknown}
 e - 2 scrolls of teleportation
 j - 3 scrolls of fog
 n - 2 scrolls of blinking
 p - a scroll of amnesia
Potions
 h - 2 potions of curing {unknown}
 m - 2 potions of magic
 o - 3 potions of brilliance
 t - a potion of attraction {unknown}
 u - 3 potions of haste {unknown}


   Skills:
 * Level 4.7 Fighting
 * Level 4.8 Long Blades
 * Level 4.8 Dodging
 - Level 2.6 Stealth


You had 5 spell levels left.
You didn't know any spells.
Your spell library was empty.

Dungeon Overview and Level Annotations

Branches:
Dungeon (5/15)
 Temple: D:4-7

Altars:
Cheibriados
Dithmenos


Innate Abilities, Weirdness & Mutations

You cannot wear most types of armour.
You are very stealthy in the water. (Stealth+)
You are amphibious.
You can wear up to eight rings at the same time.
You can use your tentacles to constrict eight enemies at once.
Your skin changes colour to match your surroundings (Stealth+).
Your rubbery body absorbs attacks. (AC +1, EV +1)


Message History

The boomerang misses you.
The weapon returns to the orc!
The orc throws a boomerang.
The boomerang barely misses you.
The weapon returns to the orc!
Unknown command.
Deactivating autopickup; reactivate with Ctrl-A.
You barely miss something. Something barely misses you.
The orc throws a boomerang.
The boomerang closely misses you.
The weapon returns to the orc!
You miss something. Something barely misses you.
The orc throws a boomerang.
The boomerang hits you.
* * * LOW HITPOINT WARNING * * *
The weapon returns to the orc!
You completely miss something. Something barely misses you.
The orc throws a boomerang.
The boomerang hits you.
* * * LOW HITPOINT WARNING * * *
Unknown command.
You hit something. Something hits you.
* * * LOW HITPOINT WARNING * * *
The orc throws a boomerang.
The boomerang hits you!
You die... ... o.o

#.# #.###.# #.# ######...##
#.# .!........# #.#
####......# #.# #.....o.# #.#
#### #.......# #.#
...#####.#....o####### #.#
##..........>.o)@....# #.#
#######.###.#######.#######.#
## #.....# #.........#
.........##### ###########
##########


You could see 2 orcs.

Vanquished Creatures
  Blork the orc (D:4)
  A gnoll sergeant (D:5)
  A hound (D:4)
  A worker ant (D:4)
  An orc wizard (D:5)
  A hound skeleton (D:4)
  A gnoll (D:5)
  4 adders
  An ufetubus (D:5)
  An ooze (D:3)
  A worm (D:2)
  3 dart slugs
  4 leopard geckos
  9 orcs
  7 bats
  4 giant cockroaches
  2 hobgoblins (D:1)
  6 jackals
  2 quokkas
  A ball python (D:3)
  2 frilled lizards (D:3)
  5 goblins
  8 kobolds
  7 rats
74 creatures vanquished.

Notes
Turn   | Place    | Note
-------+----------+-------------------------------------------
     0 | D:1      | Zeld the Octopode Monk began the quest for the Orb.
     0 | D:1      | Reached XP level 1. HP: 16/16 MP: 1/1
   300 | D:1      | Reached XP level 2. HP: 21/21 MP: 2/2
  1047 | D:1      | Reached XP level 3. HP: 26/26 MP: 3/3
  1324 | D:2      | Found a shadowy altar of Dithmenos.
  1324 | D:2      | Found a snail-covered altar of Cheibriados.
  1951 | D:2      | Reached XP level 4. HP: 33/33 MP: 4/4
  2731 | D:4      | Reached XP level 5. HP: 32/37 MP: 5/5
  2824 | D:4      | Noticed Blork the orc
  2840 | D:4      | Killed Blork the orc
  3096 | D:4      | Reached XP level 6. HP: 44/44 MP: 6/6
  3674 | D:5      | Entered Level 5 of the Dungeon
  4094 | D:5      | Hit by a boomerang thrown by an orc

Illustrated notes

Levels and vault maps discovered:
D:1:      nzn_arrival_depleted_hourglass, layout_loops_corners
D:2:      layout_loops_ring, grunt_temple_overflow_open
D:3:      layout_rooms
D:4:      layout_basic, uniq_blork_the_orc
D:5:      layout_loops_ring, lemuel_coloured_pillars_altar,
          cheibrodos_sewer_entry_bend, uniq_eustachio

Skill      XL: |  1  2  3  4 |
---------------+-------------+-----
Fighting       | 4 |  4.7
Long Blades    | 4 |  4.8
Dodging        | 4 |  4.8
Stealth        | |  2.6

Action                   |  1- 3 |  4- 6 || total
-------------------------+-------+-------++-------
Melee: Falchion          |    56 |    92 ||   148
       Constrict         |    18 |    21 ||    39
       Tentacles         |    13 |    22 ||    35
Throw: Dart              |       |     2 ||     2
  Use: Scroll            |       |    14 ||    14
       Potion            |       |     2 ||     2
 Stab: Sleeping          |    17 |     5 ||    22
Armor: Skin              |     1 |     6 ||     7
Dodge: Dodged            |    38 |    86 ||   124
       Rpst.: Falchion   |    15 |    23 ||    38
